TOP OF THE 1ST |
Bellevue Bruins batting - Pitching for Kennesaw Jets : RHP Pedro Aguilar
|
Pitching: RHP Pedro Aguilar
|
|
Batting: RHB Jesús Vargas
|
0-0: Ball 1-0: SINGLE (Groundball, 6MD)
|
Batting: RHB Luis Ríos
|
0-0: Ball Jesús Vargas is caught stealing 2nd base 1-0: Fly out, F9 (Flyball, 9M)
|
Batting: RHB Gary Chalmers
|
0-0: Ball 1-0: Called Strike 1-1: Fly out, F8 (Flyball, 8RM)
|
Top of the 1st over - 0 run(s), 1 hit(s), 0 error(s), 0 left on base; Bellevue 0 - Kennesaw 0 |
BOTTOM OF THE 1ST |
Kennesaw Jets batting - Pitching for Bellevue Bruins : RHP Ray Mangas
|
Pitching: RHP Ray Mangas
|
|
Batting: RHB Marc Beck
|
0-0: Ball 1-0: Swinging Strike 1-1: Fly out, F9 (Line Drive, 89M)
|
Batting: RHB Juan Camacho
|
0-0: Fly out, F5 (Line Drive, 56)
|
Batting: LHB Raúl Godines
|
0-0: Called Strike 0-1: Fly out, F7 (Flyball, 7M)
|
Bottom of the 1st over - 0 run(s), 0 hit(s), 0 error(s), 0 left on base; Bellevue 0 - Kennesaw 0 |
TOP OF THE 2ND |
Bellevue Bruins batting - Pitching for Kennesaw Jets : RHP Pedro Aguilar
|
Batting: SHB Jesús Rodríguez
|
0-0: Ground out 5-3 (Groundball, 56S)
|
Batting: LHB Jim Schlossnagle
|
0-0: Called Strike 0-1: Called Strike 0-2: Strikes out looking
|
Batting: RHB Edgar González
|
0-0: Foul Ball, location: 2F 0-1: Foul Ball, location: 2F 0-2: Ball 1-2: Strikes out swinging
|
Top of the 2nd over - 0 run(s), 0 hit(s), 0 error(s), 0 left on base; Bellevue 0 - Kennesaw 0 |
BOTTOM OF THE 2ND |
Kennesaw Jets batting - Pitching for Bellevue Bruins : RHP Ray Mangas
|
Batting: SHB Arnold Bunch
|
0-0: Called Strike 0-1: SINGLE (Line Drive, 7S)
|
Batting: SHB Buck Bettis
|
0-0: Called Strike 0-1: Ball 1-1: Swinging Strike 1-2: Ball 2-2: SINGLE (Flyball, 7S) Arnold Bunch to second
|
Batting: RHB Ernesto López
|
0-0: Ball 1-0: Called Strike 1-1: Foul Ball, location: 2F 1-2: Ball 2-2: Strikes out looking
|
Batting: RHB Elliot Alderson
|
0-0: Foul Ball, location: 2F 0-1: Ball 1-1: Foul Ball, location: 2F 1-2: Grounds into double play, U6-3 (Groundball, 6M)
|
Bottom of the 2nd over - 0 run(s), 2 hit(s), 0 error(s), 1 left on base; Bellevue 0 - Kennesaw 0 |
TOP OF THE 3RD |
Bellevue Bruins batting - Pitching for Kennesaw Jets : RHP Pedro Aguilar
|
Batting: RHB Mark Bishop
|
0-0: Called Strike 0-1: SINGLE (Line Drive, 56D)
|
Batting: LHB Orlando López
|
0-0: Called Strike 0-1: Ball 1-1: Called Strike 1-2: Strikes out swinging
|
Batting: RHB Nick Hoskins
|
0-0: Ball 1-0: Ball 2-0: Foul Ball, location: 2F 2-1: Ball 3-1: Swinging Strike 3-2: Fielders Choice at 2nd, 5-4 (Groundball, 56)
|
Batting: RHB Jesús Vargas
|
0-0: Called Strike 0-1: Ball 1-1: Foul Ball, location: 2F 1-2: SINGLE (Groundball, 6MD) Nick Hoskins to second Nick Hoskins to third
|
Batting: RHB Luis Ríos
|
Balk! Nick Hoskins scores Jesús Vargas to second 0-0: Ball 1-0: Ground out 6-3 (Groundball, 5S)
|
Top of the 3rd over - 1 run(s), 2 hit(s), 0 error(s), 1 left on base; Bellevue 1 - Kennesaw 0 |
BOTTOM OF THE 3RD |
Kennesaw Jets batting - Pitching for Bellevue Bruins : RHP Ray Mangas
|
Batting: LHB Daniel Faraday
|
0-0: Called Strike 0-1: Ball 1-1: Foul Ball, location: 2F 1-2: Ball 2-2: Ball 3-2: Foul Ball, location: 2F 3-2: Foul Ball, location: 2F 3-2: Foul Ball, location: 2F 3-2: Foul Ball, location: 2F 3-2: Foul Ball, location: 2F 3-2: Fly out, F7 (Flyball, 78M)
|
Batting: RHB Ben Simpson
|
0-0: Foul Ball, location: 2F 0-1: Ball 1-1: Fly out, F9 (Flyball, 9M)
|
Batting: RHB Marc Beck
|
0-0: Ball 1-0: Called Strike 1-1: Ball 2-1: Called Strike 2-2: Strikes out swinging
|
Bottom of the 3rd over - 0 run(s), 0 hit(s), 0 error(s), 0 left on base; Bellevue 1 - Kennesaw 0 |
TOP OF THE 4TH |
Bellevue Bruins batting - Pitching for Kennesaw Jets : RHP Pedro Aguilar
|
Batting: RHB Gary Chalmers
|
0-0: Called Strike 0-1: Fly out, F9 (Flyball, 89D)
|
Batting: SHB Jesús Rodríguez
|
0-0: Foul Ball, location: 2F 0-1: Fly out, F8 (Flyball, 8RD)
|
Batting: LHB Jim Schlossnagle
|
0-0: Ball 1-0: Called Strike 1-1: Ground out U3 (Groundball, 3L)
|
Top of the 4th over - 0 run(s), 0 hit(s), 0 error(s), 0 left on base; Bellevue 1 - Kennesaw 0 |
BOTTOM OF THE 4TH |
Kennesaw Jets batting - Pitching for Bellevue Bruins : RHP Ray Mangas
|
Batting: RHB Juan Camacho
|
0-0: Fly out, F9 (Line Drive, 9M)
|
Batting: LHB Raúl Godines
|
0-0: Called Strike 0-1: Foul Ball, location: 2F 0-2: Ball 1-2: Foul Ball, location: 2F 1-2: Foul Ball, location: 2F 1-2: Strikes out swinging
|
Batting: SHB Arnold Bunch
|
0-0: Called Strike 0-1: Ball 1-1: SINGLE (Line Drive, 89M)
|
Batting: SHB Buck Bettis
|
0-0: Foul Ball, location: 2F 0-1: Ball 1-1: Ball 2-1: SINGLE (Line Drive, 34D) Arnold Bunch to second
|
Batting: RHB Ernesto López
|
0-0: SINGLE (Line Drive, 9S) Arnold Bunch to third Buck Bettis to second
|
Batting: RHB Elliot Alderson
|
0-0: Fly out, F7 (Flyball, 7M)
|
Bottom of the 4th over - 0 run(s), 3 hit(s), 0 error(s), 3 left on base; Bellevue 1 - Kennesaw 0 |
TOP OF THE 5TH |
Bellevue Bruins batting - Pitching for Kennesaw Jets : RHP Pedro Aguilar
|
Batting: RHB Edgar González
|
0-0: Fly out, F8 (Line Drive, 8LM)
|
Batting: RHB Mark Bishop
|
0-0: Ball 1-0: Fly out, F9 (Flyball, 89M)
|
Batting: LHB Orlando López
|
0-0: Ball 1-0: Swinging Strike 1-1: SINGLE (Line Drive, 5)
|
Batting: RHB Nick Hoskins
|
0-0: Ball 1-0: Fly out, F9 (Flyball, 89M)
|
Top of the 5th over - 0 run(s), 1 hit(s), 0 error(s), 1 left on base; Bellevue 1 - Kennesaw 0 |
BOTTOM OF THE 5TH |
Kennesaw Jets batting - Pitching for Bellevue Bruins : RHP Ray Mangas
|
Batting: LHB Daniel Faraday
|
0-0: Foul Ball, location: 2F 0-1: Ball 1-1: Ball 2-1: Ball 3-1: Called Strike 3-2: Foul Ball, location: 2F 3-2: SINGLE (Groundball, 4MD)
|
Batting: RHB Ben Simpson
|
0-0: Ball 1-0: Ball 2-0: Sac Bunt - play at first, batter OUT! 1-3 Daniel Faraday to second
|
Batting: RHB Marc Beck
|
0-0: Called Strike 0-1: Ball 1-1: Ball 2-1: Foul Ball, location: 2F 2-2: SINGLE (Line Drive, 9S) Daniel Faraday to third Runner from 3rd tries for Home, SAFE, throw made home Marc Beck to second
|
Batting: RHB Juan Camacho
|
0-0: Ball Marc Beck steals 3rd base 1-0: Ground out 6-3 (Groundball, 6M) Marc Beck scores
|
Batting: LHB Raúl Godines
|
0-0: Foul Ball, location: 2F 0-1: Swinging Strike 0-2: Ball 1-2: Strikes out looking
|
Bottom of the 5th over - 2 run(s), 2 hit(s), 0 error(s), 0 left on base; Bellevue 1 - Kennesaw 2 |
TOP OF THE 6TH |
Bellevue Bruins batting - Pitching for Kennesaw Jets : RHP Pedro Aguilar
|
Batting: RHB Jesús Vargas
|
0-0: Called Strike 0-1: Ball 1-1: Swinging Strike 1-2: Fly out, F4 (Popup, 4M)
|
Batting: RHB Luis Ríos
|
0-0: Foul Ball, location: 2F 0-1: Fly out, F4 (Popup, 34D)
|
Batting: RHB Gary Chalmers
|
0-0: Called Strike 0-1: Ball 1-1: Called Strike 1-2: Fly out, F9 (Flyball, 89S)
|
Top of the 6th over - 0 run(s), 0 hit(s), 0 error(s), 0 left on base; Bellevue 1 - Kennesaw 2 |
BOTTOM OF THE 6TH |
Kennesaw Jets batting - Pitching for Bellevue Bruins : RHP Ray Mangas
|
Batting: SHB Arnold Bunch
|
0-0: SINGLE (Groundball, 34D)
|
Batting: SHB Buck Bettis
|
0-0: Called Strike 0-1: Ball 1-1: Foul Ball, location: 2F 1-2: Hit by Pitch Arnold Bunch to second
|
Pitching: RHP Antoine Ayuso
|
|
Batting: RHB Ernesto López
|
0-0: Sac Bunt - play at first, batter OUT! 1-3 Arnold Bunch to third Buck Bettis to second
|
Batting: RHB Elliot Alderson
|
0-0: Called Strike 0-1: Called Strike 0-2: Ball 1-2: Ball 2-2: Strikes out swinging
|
Batting: LHB Daniel Faraday
|
0-0: Called Strike 0-1: Ball 1-1: Foul Ball, location: 2F 1-2: SINGLE (Flyball, 8LM) Arnold Bunch scores Buck Bettis to third Runner from 3rd tries for Home, SAFE, no throw or cutoff
|
Batting: RHB Ben Simpson
|
0-0: Ground out 5-3 (Groundball, 5)
|
Bottom of the 6th over - 2 run(s), 2 hit(s), 0 error(s), 1 left on base; Bellevue 1 - Kennesaw 4 |
TOP OF THE 7TH |
Bellevue Bruins batting - Pitching for Kennesaw Jets : RHP Pedro Aguilar
|
Batting: SHB Jesús Rodríguez
|
0-0: Ball 1-0: Ball 2-0: Ball 3-0: Foul Ball, location: 2F 3-1: Called Strike 3-2: Foul Ball, location: 2F 3-2: Base on Balls
|
Batting: LHB Jim Schlossnagle
|
0-0: Foul Ball, location: 2F 0-1: Ball 1-1: SINGLE (Groundball, 34D) Jesús Rodríguez to second Runner from 2nd tries for 3rd, SAFE, throw made to third
|
Batting: RHB Edgar González
|
0-0: Ball 1-0: Fly out, F9 (Line Drive, 89M)
|
Now in RF: Abraham Buscher
|
|
Batting: RHB Mark Bishop
|
0-0: Ball Jim Schlossnagle is caught stealing 2nd base 1-0: Called Strike 1-1: Ball 2-1: Swinging Strike 2-2: Strikes out swinging
|
Top of the 7th over - 0 run(s), 1 hit(s), 0 error(s), 1 left on base; Bellevue 1 - Kennesaw 4 |
BOTTOM OF THE 7TH |
Kennesaw Jets batting - Pitching for Bellevue Bruins : RHP Antoine Ayuso
|
Batting: RHB Marc Beck
|
0-0: Hit by Pitch
|
Batting: RHB Juan Camacho
|
0-0: Ball 1-0: Sac Bunt - play at first, batter OUT! 1-4 Marc Beck to second
|
Batting: LHB Raúl Godines
|
0-0: Ball 1-0: Ground out 4-3 (Groundball, 4) Marc Beck to third
|
Batting: SHB Arnold Bunch
|
0-0: Foul Ball, location: 2F 0-1: Fly out, F8 (Flyball, 8RM)
|
Bottom of the 7th over - 0 run(s), 0 hit(s), 0 error(s), 1 left on base; Bellevue 1 - Kennesaw 4 |
TOP OF THE 8TH |
Bellevue Bruins batting - Pitching for Kennesaw Jets : RHP Pedro Aguilar
|
Batting: LHB Orlando López
|
0-0: Ball 1-0: Ball 2-0: Fly out, F9 (Flyball, 9LS)
|
Batting: RHB Nick Hoskins
|
0-0: Called Strike 0-1: Foul Ball, location: 2F 0-2: Fly out, F7 (Line Drive, 7S)
|
Batting: RHB Jesús Vargas
|
0-0: Called Strike 0-1: Ball 1-1: Called Strike 1-2: Ball 2-2: Strikes out swinging
|
Top of the 8th over - 0 run(s), 0 hit(s), 0 error(s), 0 left on base; Bellevue 1 - Kennesaw 4 |
BOTTOM OF THE 8TH |
Kennesaw Jets batting - Pitching for Bellevue Bruins : RHP Antoine Ayuso
|
Batting: SHB Buck Bettis
|
0-0: Foul Ball, location: 2F 0-1: Ball 1-1: Ball 2-1: Foul Ball, location: 2F 2-2: Foul Ball, location: 2F 2-2: Strikes out swinging
|
Batting: RHB Ernesto López
|
0-0: Called Strike 0-1: Ball 1-1: Ground out U3 (Groundball, 3S)
|
Batting: RHB Elliot Alderson
|
0-0: Ball 1-0: Ground out 6-3 (Groundball, 6)
|
Bottom of the 8th over - 0 run(s), 0 hit(s), 0 error(s), 0 left on base; Bellevue 1 - Kennesaw 4 |
TOP OF THE 9TH |
Bellevue Bruins batting - Pitching for Kennesaw Jets : RHP Pedro Aguilar
|
Pitching: RHP Roberto Flores
|
|
Batting: RHB Luis Ríos
|
0-0: SINGLE (Line Drive, 89S)
|
Batting: RHB Gary Chalmers
|
0-0: Ball 1-0: Ball 2-0: Swinging Strike 2-1: Foul Ball, location: 2F 2-2: Ball 3-2: Strikes out swinging
|
Batting: SHB Jesús Rodríguez
|
0-0: Swinging Strike 0-1: Ball 1-1: Called Strike 1-2: Ball 2-2: Foul Ball, location: 2F 2-2: Ball 3-2: Base on Balls Luis Ríos to second
|
Batting: LHB Jim Schlossnagle
|
0-0: Ball 1-0: Fly out, F8 (Flyball, 8LD) Runner from 2nd tags up, SAFE at 3rd, no throw
|
Pinch Hitting: LHB Chia-ch'ing Dodman
|
0-0: Foul Ball, location: 2F 0-1: Called Strike 0-2: Strikes out swinging
|
Top of the 9th over - 0 run(s), 1 hit(s), 0 error(s), 2 left on base; Bellevue 1 - Kennesaw 4 |
|